cohdb
Replays
Latest Replays
All Replays
Popular Replays
Top Player Replays
Match Explorer
How It Works
Community
CoH3 Stats
Reddit
Sign in to upload your games and track your stats! →
Sign in with Steam
Match 41264328
Unlisted
Match 41264328
Overview
Messages
Build Orders
End
Panzergrenadier Squad
Selects Panzerjäger Kommand Battlegroup
Selects Mine Fields
Panzerpioneer Squad
Panzergrenadier Squad
250 Light Carrier
Construct Light Support Kompanie
2.5-tonne Medical Truck
Fire Support Elements
Veteran Squad Leaders
Panzerjäger Squad
Selects Tank Busters
Panzerjäger Squad
Panzergrenadier Squad
Construct Panzerarmee Kommand
Flak 36 Anti-tank Gun Team
Selects Crew Shock Tactics
le.IG 18 Mechanized Group
Combat Half-tracks
Selects Elefant Tank Destroyer
Selects Early Warning
Selects Butterfly Bomb Drop
Panzerjäger Squad
2.5-tonne Medical Truck
DanceFKRdance
Sarmynation
0
0
Comments
sign in to comment!
No comments posted yet!